 Dungeon Crawl Stone Soup version 0.20-a0-923-g548304e (webtiles) character file.

663 nikopol the Skirmisher (level 7, -2/66 HPs)
             Began as a Gargoyle Berserker on Mar 26, 2017.
             Was a Priest of Trog.
             Killed by nerve-wracking pain
             ... invoked by an orc priest
              (6 damage)
             ... on level 5 of the Dungeon.
             The game lasted 00:06:41 (4446 turns).

nikopol the Skirmisher (Gargoyle Berserker)         Turns: 4446, Time: 00:06:42

Health: -2/66      AC: 18    Str: 26    XL:     7   Next: 56%
Magic:  7/7        EV:  9    Int:  8    God:    Trog [***...]
Gold:   247        SH:  0    Dex: 10    Spells: 6/6 levels left

rFire    . . .     SeeInvis .   a - +0 mace
rCold    . . .     Gourm    .   x - +0 buckler
rNeg     + . .     Faith    .   s - +0 chain mail
rPois    ∞         Spirit   .   (no helmet)
rElec    +         Reflect  .   C - +0 cloak
rCorr    .         Harm     .   p - +0 pair of gloves
MR       .....                  k - +0 pair of boots
Stlth    ..........             (no amulet)
Regen    0.3/turn               (no ring)
MPRegen  0.1/turn               (no ring)

@: confused, berserking (expiring), very quick
A: negative energy resistance 1, electricity resistance, unbreathing,
petrification resistance, rot immunity, AC +4
a: Berserk, Trog's Hand, Burn Spellbooks, Renounce Religion


You were on level 5 of the Dungeon.
You worshipped Trog.
Trog was most pleased with you.
You were very hungry.

You visited 1 branch of the dungeon, and saw 5 of its levels.

You collected 247 gold pieces.

Inventory:

Hand Weapons
 a - a +0 mace (weapon)
Missiles
 r - 61 arrows
Armour
 b - a +0 animal skin
 k - a +0 pair of boots (worn)
 p - a +0 pair of gloves (worn)
 s - a +0 chain mail (worn)
 x - a +0 buckler (worn)
 C - a +0 cloak (worn)
Jewellery
 e - a +3 ring of protection {unknown}
 t - an uncursed amulet of regeneration {unknown}
 y - a +5 amulet of reflection {unknown}
Scrolls
 d - 2 scrolls of enchant armour {unknown}
 g - 4 scrolls of identify {unknown}
 i - 5 scrolls of teleportation {unknown}
 q - a scroll of noise {unknown}
 u - 4 scrolls of remove curse {unknown}
 v - a scroll of random uselessness {unknown}
 w - a scroll of magic mapping {unknown}
Potions
 f - 4 potions of curing {unknown}
 h - a potion of haste {unknown}
 j - a potion of flight {unknown}
 l - a potion of agility {unknown}
 m - 2 potions of heal wounds {unknown}
 o - a potion of magic {unknown}
 z - a potion of brilliance {unknown}
 B - a potion of berserk rage {unknown}
 D - 2 potions of cancellation {unknown}
 E - a potion of invisibility {unknown}
Comestibles
 c - 5 bread rations
 n - 4 meat rations
 A - a royal jelly


   Skills:
 + Level 5.0 Fighting
 + Level 4.7 Maces & Flails
 + Level 4.4 Armour
 + Level 3.6 Dodging
 + Level 3.0 Shields


You had 6 spell levels left.
You didn't know any spells.

Dungeon Overview and Level Annotations

Branches:
Dungeon (5/15)
 Temple: D:4-7

Altars:
Nemelex Xobeh
Xom

Shops:
D:5 !


Innate Abilities, Weirdness & Mutations

You are resistant to torment.
Your stone body is resilient. (AC +4)
You are immune to poison.
You resist negative energy. (rN+)
You are resistant to electric shocks. (rElec)
You can survive without breathing.
You are immune to petrification.
You are immune to rotting.


Message History

Your Shields skill increases to level 3!
You hear some strange, mumbled words.
You are confused.
You miss the orc priest.
The orc priest hits you but does no damage.
Something hits you but does no damage.
You bump into the rock wall.
The orc priest calls down the wrath of Beogh upon you.
Beogh smites you!
* * * LOW HITPOINT WARNING * * *
You sock the orc priest!
The orc priest is severely wounded.
You hear some strange, mumbled words.
A puff of flame appears from out of thin air!
The puff of flame hits you!
* * * LOW HITPOINT WARNING * * *
You're too confused to move!
The orc priest mumbles some strange prayers to Beogh against you.
Pain shoots through your body!
You die...

..## #.
....####..#
.......... #
......... .## ..
......##..###
...###...........
#........{o..#
####.......@†#
......###..###
....####[## #...#
#..# #..###..#
##......######.
....
#..####........
...# #..#
#..####.. ...#
##.## #..#


You could see an orc priest.

Vanquished Creatures
  The ghost of Zenonira the Shield-Bearer, a novice FoFi (D:4)
  An ogre (D:4)
  A scorpion (D:5)
  A hound (D:3)
  An orc priest (D:5)
  9 gnolls
  An adder (D:3)
  A shadow imp (D:5)
  2 oozes
  An adder skeleton (D:4)
  A worm (D:3)
  3 dart slugs
  3 leopard geckos (D:2)
  An orc (D:3)
  A ball python (D:2)
  5 giant cockroaches
  5 goblins
  5 hobgoblins
  2 jackals (D:1)
  7 kobolds
  4 quokkas
  8 bats
  2 frilled lizards
  A leopard gecko skeleton (D:5)
  6 rats
73 creatures vanquished.

Notes
Turn   | Place    | Note
-------+----------+-------------------------------------------
     0 | D:1      | nikopol the Gargoyle Berserker began the quest for the Orb.
     0 | D:1      | Reached XP level 1. HP: 14/14 MP: 1/1
    16 | D:1      | Found a shimmering altar of Xom.
   262 | D:1      | Reached XP level 2. HP: 15/19 MP: 2/2
   724 | D:2      | Reached ** piety under Trog
   745 | D:2      | Reached XP level 3. HP: 23/23 MP: 3/3
  1744 | D:3      | Reached XP level 4. HP: 15/29 MP: 4/4
  2254 | D:3      | Found a sparkling altar of Nemelex Xobeh.
  2593 | D:3      | Reached skill level 4 in Fighting
  2795 | D:4      | Noticed an ogre
  2803 | D:4      | Killed an ogre
  2803 | D:4      | Reached skill level 1 in Shields
  2803 | D:4      | Reached XP level 5. HP: 10/33 MP: 5/5
  3079 | D:4      | Reached XP level 6. HP: 8/38 MP: 6/6
  3149 | D:4      | Noticed Zenonira's ghost (novice FoFi)
  3341 | D:4      | Killed Zenonira's ghost
  3341 | D:4      | Reached XP level 7. HP: 12/44 MP: 7/7
  3623 | D:4      | Reached *** piety under Trog
  4254 | D:5      | Entered Level 5 of the Dungeon
  4322 | D:5      | Found Kihif's Distillery.
  4343 | D:5      | Reached skill level 5 in Fighting
  4446 | D:5      | Killed from afar by an orc priest

Vault maps used:
D:1:      lightli_arrival_statue_moat, xom_teletrap_fun
D:2:      first_bread, roderic_lattice_a
D:3:      nicolae_overflow_crystal_walls
D:4:      corexii_shack
D:5:      nicolae_tso_besieged_by_evil, serial_shops, shop

Skill      XL: |  1  2  3  4  5  6  7 |
---------------+----------------------+-----
Dodging        | 2 3 |  3.6
Armour         | 3 4 |  4.4
Fighting       | 4 5 |  5.0
Maces & Flails | 4 |  4.7
Shields        | 1 2 3 |  3.0

Action                   |  1- 3 |  4- 6 |  7- 9 || total
-------------------------+-------+-------+-------++-------
Melee: Mace              |   123 |   101 |    68 ||   292
Invok: Berserk           |     1 |     3 |     2 ||     6
 Stab: Sleeping          |     1 |       |       ||     1
  Eat: Chunk             |     3 |     8 |     5 ||    16
Armor: Animal skin       |    61 |       |       ||    61
       Chain mail        |     3 |    63 |    51 ||   117
Dodge: Dodged            |   101 |    52 |    30 ||   183
Block: Buckler           |       |     8 |    11 ||    19
